 Dungeon Crawl Stone Soup version 0.31-a0-358-gac0dbeb3ab (console) character file.

Game seed: 11623527342910140036

93 2tc the Poker (level 4, 0/33 HPs)
             Began as a Merfolk Gladiator on July 25, 2023.
             Slain by a black bear (2 damage)
             ... on level 2 of the Dungeon.
             The game lasted 00:10:13 (1680 turns).

2tc the Poker (Merfolk Gladiator)                   Turns: 1680, Time: 00:10:14

Health: 0/33       AC:  6    Str: 14    XL:     4   Next: 61%
Magic:  4/4        EV: 13    Int: 13    God:
Gold:   131        SH:  0    Dex: 17    Spells: 3/3 levels left

rFire   . . .        a - +0 trident
rCold   . . .        (no shield)
rNeg    . . .        b - +0 leather armour
rPois   .            c - +1 helmet
rElec   .            (no cloak)
rCorr   .            p - +0 pair of gloves
SInv    .            (no boots)
Will    .....        (no amulet)
Stlth   +            i - +6 ring of intelligence
HPRegen 0.25/turn    (no ring)
MPRegen 0.09/turn

%: no passive effects
@: no status effects
A: (nimble swimmer 2), mertail
a: no special abilities


You were on level 2 of the Dungeon.
You visited 1 branch of the dungeon, and saw 2 of its levels.

You collected 131 gold pieces.

Inventory:

Hand Weapons
 a - a +0 trident (weapon)
 h - a +0 dagger
 n - a +0 whip
 q - a +1 dagger of venom
Missiles
 d - a throwing net (quivered)
 e - 9 javelins
 g - 10 stones
Armour
 b - a +0 leather armour (worn)
 c - a +1 helmet (worn)
 p - a +0 pair of gloves (worn)
Jewellery
 f - a ring of ice
 i - a +6 ring of intelligence (left hand)
Wands
 l - a wand of roots (10)
Potions
 k - a potion of invisibility {unknown}
 m - a potion of degeneration {unknown}
 o - a potion of magic {unknown}


   Skills:
 - Level 2.1 Fighting
 * Level 6.9 Polearms
 - Level 2.0 Throwing
 - Level 4.0 Dodging


You had 3 spell levels left.
You didn't know any spells.
Your spell library contained the following spells:

 Spells                   Type           Power      Damage    Failure   Level
 Cigotuvi's Dreadful Rot  Necr/Pois/Air  0%         N/A       52%         2
 Animate Armour           Summ/Erth      0%         N/A       98%         4
 Dispel Undead            Necr           0%         3d6       98%         4
 Summon Lightning Spire   Summ/Air       0%         N/A       98%         4
 Lee's Rapid Deconstruct  Erth           0%         3d4*      100%        5
 Death Channel            Necr           0%         N/A       100%        6


Dungeon Overview and Level Annotations

Branches:
Dungeon (2/15)

Altars:


Innate Abilities, Weirdness & Mutations

((You are very nimble when in or above water. (Stealth+, EV+, Speed+++)))
Your lower body shifts to a powerful aquatic tail in water.


Message History

You reach to attack!
You puncture the black bear!
The black bear is heavily wounded.
The black bear struggles against the net.
You reach to attack!
You hit the black bear.
The black bear is severely wounded.
The black bear struggles against the net.
The net rips apart, and the black bear comes free!
You reach to attack!
You hit the black bear.
The black bear is severely wounded.
You barely miss the black bear.
The black bear is severely wounded.
The black bear bites you. The black bear closely misses you.
The black bear claws you.
You closely miss the black bear.
The black bear is severely wounded.
The black bear completely misses you.
The black bear claws you but does no damage. x2
You hit the black bear.
The black bear is severely wounded.
The black bear goes berserk!
You hit the black bear but do no damage.
The black bear is severely wounded.
The black bear bites you. The black bear barely misses you.
The black bear closely misses you. The black bear bites you.
The black bear closely misses you. The black bear barely misses you.
You puncture the black bear!
The black bear is almost dead.
The black bear bites you!
The black bear claws you but does no damage.
The black bear barely misses you.
You feel much better. The black bear bites you!
The black bear claws you but does no damage. x2
The black bear bites you! The black bear claws you. x2
* * * LOW HITPOINT WARNING * * *
You closely miss the black bear.
The black bear is almost dead.
The black bear bites you!
* * * LOW HITPOINT WARNING * * *
The black bear claws you.
You die...

.#b# #...........##########.#
.#.# #.###.#..#..###### #.#
.#.####.###.#..#.......#####.##
........>...#..##..........#..###
.#.....................#####)...#
.######..##.......###### #.#.##
.# #...+(......##########.#.# .#
##.##..................#.# .#
#.##....h@...#.#.######.# .#
#.###.######.#.#.######.# .# #.#
#.# #.#.#........# .# ##.###.###
#.#.########.# .# #........#
#.#.# #.# .# ##........# #.#.#
### .# ##.........# #.#.#
.####...######## #.#.# ......#.#
#.#.#


You could see a black bear (berserk).

Vanquished Creatures
  A hound (D:2)
  An adder (D:2)
  3 dart slugs (D:1)
  An orc (D:2)
  6 ball pythons (D:1)
  4 endoplasms
  2 giant cockroaches
  4 goblins
  5 hobgoblins
  2 jackals (D:2)
  5 kobolds
  2 quokkas
  5 bats
  A frilled lizard (D:1)
  2 rats
44 creatures vanquished.

Notes
Turn   | Place    | Note
-------+----------+-------------------------------------------
     0 | D:1      | 2tc the Merfolk Gladiator began the quest for the Orb.
     0 | D:1      | Reached XP level 1. HP: 16/16 MP: 1/1
   247 | D:1      | Reached XP level 2. HP: 21/22 MP: 2/2
   350 | D:1      | Reached skill level 5 in Polearms
   536 | D:1      | Reached XP level 3. HP: 27/27 MP: 3/3
  1187 | D:2      | Reached skill level 6 in Polearms
  1207 | D:2      | Reached XP level 4. HP: 25/33 MP: 4/4
  1657 | D:2      | Noticed a black bear
  1680 | D:2      | Slain by a black bear

Illustrated notes

Levels and vault maps discovered:
D:1:      minmay_arrival_semitransparent, layout_loops_corners
D:2:      layout_basic, chequers_jeans

Skill      XL: |  1  2  3 |
---------------+----------+-----
Polearms       | 5 6 |  6.9
Fighting       | |  2.1
Throwing       | |  2.0
Dodging        | |  4.0

Action                     |  1- 3 |  4- 6 || total
---------------------------+-------+-------++-------
  Melee: Trident           |   101 |    30 ||   131
         Dagger            |       |    22 ||    22
         Punch             |       |     1 ||     1
  Throw: Throwing net      |       |     2 ||     2
    Use: Scroll            |     5 |     2 ||     7
         Potion            |       |     1 ||     1
   Stab: Sleeping          |     1 |       ||     1
 Armour: Leather armour    |    19 |    13 ||    32
  Dodge: Dodged            |    51 |    40 ||    91

Table legend: (Time is in decaauts)
 A = Elapsed time spent in this place.
 B = Non-inter-level travel time spent in this place.
 C = Inter-level travel time spent in this place.
 D = Time resting spent in this place.
 E = Time spent auto-exploring this place.
 F = Levels seen in this place.
 G = Mean time per level.
                   A        B        C        D        E       F      G
               +--------+--------+--------+--------+--------+-----+--------+
         Total |   1681 |   1615 |     66 |      0 |   1237 |   2 |  840.5 |
       Dungeon |   1681 |   1615 |     66 |      0 |   1237 |   2 |  840.5 |
               +--------+--------+--------+--------+--------+-----+--------+

Top non-repeatable levels by time:
     D:1: 877 daAuts
     D:2: 804 daAuts
